 Dungeon Crawl Stone Soup version 0.24.0-123-gd5b16e6ec5 (webtiles) character file.

Game seed: 8153185323399595617, levelgen mode: deterministic

121 FishyPogo the Skirmisher (level 4, 0/35 HPs)
             Began as a Demonspawn Gladiator on Jan 2, 2020.
             Slain by Grinder (6 damage)
             ... on level 3 of the Dungeon.
             The game lasted 00:05:40 (1696 turns).

FishyPogo the Skirmisher (Demonspawn Gladiator)     Turns: 1696, Time: 00:05:40

Health: 0/35       AC: 10    Str: 16    XL:     4   Next: 76%
Magic:  4/4        EV: 14    Int: 14    God:
Gold:   147        SH:  0    Dex: 14    Spells: 3/3 levels left

rFire    . . .     SeeInvis .   a - +0 flail
rCold    + . .     Gourm    .   (no shield)
rNeg     . . .     Faith    .   b - +0 leather armour
rPois    .         Spirit   .   c - +0 helmet
rElec    .         Reflect  .   (no cloak)
rCorr    .         Harm     .   (no gloves)
MR       .....                  t - +1 pair of boots {Stlth+}
Stlth    +.........             (no amulet)
HPRegen  0.11/turn              p - +4 ring of protection
MPRegen  0.09/turn              n - +1 ring of evasion

@: brilliant, about to teleport, flying, lightly drained
A: claws 2, cold resistance 1
a: no special abilities


You were on level 3 of the Dungeon.
You were not hungry.

You visited 1 branch of the dungeon, and saw 3 of its levels.

You collected 147 gold pieces.

Inventory:

Hand Weapons
 a - a +0 flail (weapon)
Missiles
 d - 3 throwing nets (quivered)
 e - 27 poisoned darts
 j - 110 stones
 u - 3 boomerangs
Armour
 b - a +0 leather armour (worn)
 c - a +0 helmet (worn)
 t - a +1 pair of boots of stealth (worn)
Jewellery
 n - a +1 ring of evasion (right claw)
 p - a +4 ring of protection (left claw)
Scrolls
 i - 4 scrolls of enchant armour {unknown}
 k - a scroll of enchant weapon {unknown}
 m - a scroll of teleportation
 q - 2 scrolls of identify {unknown}
Comestibles
 f - 6 rations
 o - 6 chunks of flesh


   Skills:
 * Level 3.4 Fighting
 - Level 3.0(2.9) Maces & Flails
 - Level 2.0(1.9) Throwing
 * Level 2.3(2.2) Armour
 - Level 3.0(2.9) Dodging


You had 3 spell levels left.
You didn't know any spells.
Your spell library was empty.

Dungeon Overview and Level Annotations

Branches:
Dungeon (3/15)

Altars:

Annotations:
D:3 Grinder, Robin


Innate Abilities, Weirdness & Mutations

You have very sharp fingernails.
Your flesh is cold resistant. (rC+)


Message History

You feel clever all of a sudden.
Grinder blinks!
It was a potion of flight.
You feel very buoyant.
You fly up into the air.
You miss the goblin.
Robin roars a battlecry!
The goblins go into a battle-frenzy!
The goblin closely misses you.
Grinder says, "Mostly I couldn't keep them alive."
As you read the scroll labeled BOMNUOTAUC, it crumbles to dust.
You feel strangely unstable.
It was a scroll of teleportation.
Robin hits you but does no damage. The goblin misses you.
Grinder closely misses you.
As you read the scroll labeled YFULYVV TEIRI, it crumbles to dust.
You feel blessed for a moment.
It was a scroll of remove curse.
The goblin closely misses you. Grinder hits you.
* * * LOW HITPOINT WARNING * * *
You writhe in agony.
You die...

..g##. #g... ## #g.g .
#g§ #. #o# #.#####5###
#...#.g...#
##########g#?#...#.
##.#.#.#.#@#)#)#.#.#.
#........5g...........
##.#.#.#.#.#.#.#.#.#.#
#....÷..>..÷..........#
##.#.#.#.#.#.#.#.#.#.##
#...##.......########
##..########.#
#.........)..#
###..###########


You could see Grinder, Robin and a goblin.

Vanquished Creatures
  Jessica (D:3)
  3 adders
  2 dart slugs (D:1)
  A leopard gecko (D:2)
  An orc (D:3)
  14 goblins
  6 hobgoblins
  7 jackals
  6 kobolds
  A quokka (D:2)
  5 bats
  2 frilled lizards
  11 rats
60 creatures vanquished.

Notes
Turn   | Place    | Note
-------+----------+-------------------------------------------
     0 | D:1      | FishyPogo the Demonspawn Gladiator began the quest for the
                  | Orb.
     0 | D:1      | Reached XP level 1. HP: 16/16 MP: 1/1
   147 | D:1      | Gained mutation: You have sharp fingernails. [demonic
                  | ancestry]
   147 | D:1      | Reached XP level 2. HP: 9/22 MP: 2/2
   722 | D:1      | Reached skill level 1 in Armour
   916 | D:2      | Gained mutation: You have very sharp fingernails. [demonic
                  | ancestry]
   916 | D:2      | Reached XP level 3. HP: 28/28 MP: 3/3
  1520 | D:3      | Noticed Jessica
  1529 | D:3      | Killed Jessica
  1529 | D:3      | Gained mutation: Your flesh is cold resistant. (rC+)
                  | [demonic ancestry]
  1529 | D:3      | Reached XP level 4. HP: 35/35 MP: 4/4
  1653 | D:3      | Noticed Grinder
  1654 | D:3      | Noticed Robin
  1684 | D:3      | Paralysed by Grinder for 6 turns
  1696 | D:3      | Slain by Grinder

Levels and vault maps discovered:
D:1:      roderic_chinese_lattice_arrival, layout_loops_ring
D:2:      layout_loops_cross, minmay_tall_x
D:3:      layout_basic, st_stairs_13, tgw_sif, uniq_robin, uniq_sigmund,
          uniq_jessica, uniq_terence, uniq_grinder

Skill      XL: |  1  2  3 |
---------------+----------+-----
Armour         | 1 2 |  2.3
Throwing       | 2 |  2.0
Dodging        | 3 |  3.0
Maces & Flails | 3 |  3.0
Fighting       | 3 |  3.4

Action                   |  1- 3 |  4- 6 || total
-------------------------+-------+-------++-------
Melee: Flail             |   122 |    70 ||   192
  Use: Potion            |       |     4 ||     4
       Scroll            |       |     2 ||     2
 Stab: Sleeping          |     1 |       ||     1
  Eat: Chunk             |     2 |     1 ||     3
Armor: Leather armour    |    43 |    31 ||    74
Dodge: Dodged            |    92 |    80 ||   172
